 Dungeon Crawl Stone Soup version 0.22.1-1-ga44c0e5 (webtiles) character file.

1790 VictorG the Covert (level 8, -10/42 HPs)
             Began as a Spriggan Warper on Sept 22, 2018.
             Was a Follower of Uskayaw.
             Killed by divine providence
             ... invoked by an orc priest
              (11 damage)
             ... on level 7 of the Dungeon on Sept 24, 2018.
             The game lasted 00:47:24 (9288 turns).

VictorG the Covert (Spriggan Warper)                Turns: 9288, Time: 00:47:25

Health: -10/42     AC:  2    Str:  7    XL:     8   Next: 82%
Magic:  9/13       EV: 22    Int: 16    God:    Uskayaw [*.....]
Gold:   326        SH:  5    Dex: 16    Spells: 4/12 levels left

rFire    + . .     SeeInvis +   B - +3 short sword
rCold    . . .     Gourm    .   c - +0 buckler
rNeg     + . .     Faith    .   b - +0 robe
rPois    .         Spirit   .   (helmet restricted)
rElec    .         Reflect  .   (no cloak)
rCorr    .         Harm     .   (gloves unavailable)
MR       +....                  (boots unavailable)
Stlth    ++++......             (no amulet)
HPRegen  0.14/turn              n - ring of protection from fire
MPRegen  0.13/turn              q - ring of positive energy

@: very quick
A: very small, unfitting armour, see invisible, herbivore, speed 3, slow
metabolism 2
a: Stomp, Renounce Religion


You were on level 7 of the Dungeon.
You worshipped Uskayaw.
Uskayaw was noncommittal.
You were hungry.

You visited 2 branches of the dungeon, and saw 8 of its levels.

You collected 326 gold pieces.

Inventory:

Hand Weapons
 a - a +0 short sword
 m - a +2 dagger of draining
 B - a +3 short sword (weapon)
Missiles
 e - 5 tomahawks of dispersal (quivered)
 o - a throwing net
 p - 16 tomahawks
 z - 21 poisoned needles
Armour
 b - a +0 robe (worn)
 c - a +0 buckler (worn)
Jewellery
 h - an uncursed ring of protection from magic
 n - a ring of protection from fire (left hand)
 q - a ring of positive energy (right hand)
Wands
 v - a wand of random effects (25)
Scrolls
 d - a scroll of blinking
 g - 5 scrolls of teleportation
 i - 2 scrolls of immolation
 j - 6 scrolls of identify
 k - 3 scrolls of remove curse
 l - a scroll of magic mapping
 s - a scroll of amnesia
 t - a scroll of enchant weapon
 y - a scroll of fear {unknown}
Potions
 r - a potion of lignification
 u - a potion of agility {unknown}
Comestibles
 f - 6 rations


   Skills:
 + Level 3.9 Fighting
 * Level 7.0 Short Blades
 - Level 1.8 Throwing
 * Level 7.3 Dodging
 * Level 9.4 Stealth
 - Level 0.1 Shields
 - Level 2.9 Spellcasting
 - Level 4.4 Translocations
 - Level 3.1 Invocations


You had 4 spell levels left.
You knew the following spells:

 Your Spells              Type           Power        Failure   Level  Hunger
a - Blink                 Tloc           N/A          8%          2    ##.....
b - Teleport Other        Tloc           ###.....     16%         3    ###....
c - Gell's Gravitas       Tloc           ###.......   16%         3    ###....

Your spell library contained the following spells:

 Spells                   Type           Power        Failure   Level  Hunger
 Lesser Beckoning         Tloc           ###.......   16%         3    ###....
 Shroud of Golubria       Chrm/Tloc      #.........   19%         2    ##.....
 Magic Dart               Conj           #...         32%         1    #......
 Call Imp                 Summ           #.......     43%         2    ##.....
 Slow                     Hex            #.......     43%         2    ##.....
 Passage of Golubria      Tloc           N/A          45%         4    #####..
 Conjure Flame            Conj/Fire      #.......     67%         3    ###....
 Mephitic Cloud           Conj/Pois/Air  #.......     67%         3    ###....


Dungeon Overview and Level Annotations

Branches:
Dungeon (7/15)             Temple (1/1) D:6

Altars:
Ashenzari
Cheibriados
Dithmenos
Elyvilon
Ru
Sif Muna
Trog
Uskayaw
Xom
Zin

Shops:
D:4 (   D:6 ?


Innate Abilities, Weirdness & Mutations

You are very small and have problems with some larger weapons.
You are too small for most types of armour.
You have supernaturally acute eyesight. (SInv)
You are a herbivore.
You cover ground extremely quickly.
You need to consume almost no food.


Message History

A bullfrog comes into view.
The orc priest closely misses you.
The orc priest invokes the aid of Beogh against you.
Beogh smites you!
The adder hisses angrily.
The orc priest mumbles some strange prayers to Beogh against you.
Beogh smites you!
* * * LOW HITPOINT WARNING * * *
You feel better.
The orc priest invokes the aid of Beogh against you.
Beogh smites you!
* * * LOW HITPOINT WARNING * * *
Cast which spell? (? or * to list)
You blink.
The adder closely misses you.
Casting: Blink (safe; 8% risk of failure)
Confirm with . or Enter, or press ? or * to list all spells.
You blink.
The orc priest mumbles some strange prayers to Beogh against you.
Beogh smites you!
You die...

......##'#####...##
#.......(.#Y..##########
#....%...)#....#.......#
#...SFo...#....#.......#
#......o..#....#.......#
#.........#....#.......#
#.........#....#.......#
#........ยง#....#.......#
#........@#....#<[.....#
#.........###'##)###...#
######.............#####
#.............#
#>............#
#.............#
#.............######
..#############.....# ...
#.....#


You could see a bullfrog, 2 orc priests and an adder.

Vanquished Creatures
  Edmund (D:6)
  A water moccasin (D:5)
  An orc warrior (D:6)
  A sky beast (D:5)
  A necrophage (D:6)
  2 phantoms
  An ogre (D:5)
  2 bullfrogs
  A gnoll sergeant (D:7)
  4 howler monkeys
  A crimson imp (D:6)
  A bullfrog zombie (D:7)
  A centaur zombie (D:6)
  2 orc wizards
  A hound (D:7)
  4 orc priests
  An iguana (D:5)
  4 worker ants
  A killer bee zombie (D:6)
  A worker ant zombie (D:6)
  9 gnolls
  4 adders
  2 shadow imps
  An ooze (D:5)
  An adder skeleton (D:6)
  A worm (D:3)
  2 dart slugs
  19 orcs
  4 giant cockroaches
  6 goblins
  6 hobgoblins
  17 jackals
  3 quokkas
  A ball python zombie (D:5)
  10 bats
  5 frilled lizards
  7 kobolds
  5 rats
135 creatures vanquished.

Notes
Turn   | Place    | Note
-------+----------+-------------------------------------------
     0 | D:1      | VictorG the Spriggan Warper began the quest for the Orb.
     0 | D:1      | Reached XP level 1. HP: 10/10 MP: 5/5
   463 | D:1      | Reached XP level 2. HP: 13/15 MP: 6/6
   641 | D:1      | Reached skill level 1 in Stealth
  1070 | D:2      | Learned a level 2 spell: Blink
  1535 | D:2      | Reached XP level 3. HP: 18/18 MP: 8/8
  1545 | D:2      | Reached skill level 2 in Stealth
  1715 | D:2      | Learned a level 3 spell: Teleport Other
  2520 | D:3      | Found a hide-covered altar of Uskayaw.
  2534 | D:3      | Noticed a hand axe
  2534 | D:3      | Noticed a dagger
  2614 | D:3      | Reached skill level 3 in Stealth
  2614 | D:3      | Reached XP level 4. HP: 13/23 MP: 9/9
  2648 | D:3      | Became a worshipper of Uskayaw the Reveler
  2815 | D:3      | Reached * piety under Uskayaw
  3117 | D:3      | Reached XP level 5. HP: 23/26 MP: 10/10
  3119 | D:3      | Reached ** piety under Uskayaw
  3497 | D:3      | Found a bloodstained altar of Trog.
  3498 | D:3      | Found a shadowy altar of Dithmenos.
  3534 | D:3      | Reached skill level 4 in Stealth
  3648 | D:3      | Found a sacrificial altar of Ru.
  3649 | D:3      | Found a deep blue altar of Sif Muna.
  4344 | D:4      | Found a snail-covered altar of Cheibriados.
  4344 | D:4      | Found a shattered altar of Ashenzari.
  4595 | D:4      | Found a shimmering altar of Xom.
  4609 | D:4      | Found Disaeti's Antique Weapon Shop.
  4791 | D:4      | Found a shimmering altar of Xom.
  4793 | D:4      | Found a shimmering altar of Xom.
  4795 | D:4      | Found a shimmering altar of Xom.
  5012 | D:5      | Entered Level 5 of the Dungeon
  5012 | D:5      | Noticed a phantom
  5155 | D:5      | Noticed a water moccasin
  5162 | D:5      | Learned a level 3 spell: Gell's Gravitas
  5192 | D:5      | Reached *** piety under Uskayaw
  5193 | D:5      | Killed a water moccasin
  5193 | D:5      | Reached skill level 5 in Stealth
  5193 | D:5      | Reached skill level 1 in Invocations
  5193 | D:5      | Reached XP level 6. HP: 24/32 MP: 11/11
  5512 | D:5      | Reached skill level 5 in Dodging
  5715 | D:5      | Found a snail-covered altar of Cheibriados.
  5953 | D:5      | Noticed a sky beast
  5972 | D:5      | Killed a sky beast
  5972 | D:5      | Reached skill level 6 in Stealth
  5972 | D:5      | Reached XP level 7. HP: 35/35 MP: 12/12
  6137 | D:5      | Reached skill level 5 in Short Blades
  6804 | D:6      | Found Qetosch's Magic Scroll Emporium.
  6841 | D:6      | Reached skill level 7 in Stealth
  6952 | D:6      | HP: 1/36 [orc priest/divine providence (13)]
  6996 | D:6      | Reached XP level 8. HP: 19/40 MP: 1/13
  6996 | D:6      | Reached **** piety under Uskayaw
  7213 | D:6      | Found a staircase to the Ecumenical Temple.
  7219 | Temple   | Entered the Ecumenical Temple
  7311 | D:6      | Noticed Edmund
  7508 | D:6      | Reached skill level 8 in Stealth
  7934 | D:6      | Killed Edmund
  8418 | D:7      | Reached skill level 9 in Stealth
  9286 | D:7      | HP: 1/42 [orc priest/divine providence (10)]
  9288 | D:7      | Killed from afar by an orc priest

Skill      XL: |  1  2  3  4  5  6  7  8 |
---------------+-------------------------+-----
Stealth        | 1 3 5 6 7 9 |  9.4
Short Blades   | 3 4 5 7 |  7.0
Fighting       | 2 3 |  3.9
Dodging        | 4 5 6 7 |  7.3
Invocations    | 1 2 3 |  3.1
Throwing       | |  1.8
Shields        | |  0.1
Spellcasting   | |  2.9
Translocations | |  4.4

Action                   |  1- 3 |  4- 6 |  7- 9 || total
-------------------------+-------+-------+-------++-------
Melee: Short sword       |   136 |       |   251 ||   387
       Dagger            |    40 |   272 |    47 ||   359
 Cast: Teleport Other    |       |     1 |       ||     1
       Gell's Gravitas   |       |       |     4 ||     4
       Blink             |       |       |     2 ||     2
Invok: Line Pass         |       |     2 |     5 ||     7
       Stomp             |       |     1 |     2 ||     3
Evoke: Wand              |       |     1 |     3 ||     4
  Use: Potion            |       |     4 |     7 ||    11
       Scroll            |       |     7 |     1 ||     8
 Stab: Sleeping          |     3 |     2 |     2 ||     7
       Paralysed         |       |     1 |     8 ||     9
       Confused          |       |     1 |     1 ||     2
  Eat: Ration            |       |     2 |     3 ||     5
Armor: Robe              |    16 |    10 |     5 ||    31
Dodge: Dodged            |   151 |   184 |   182 ||   517
Block: Buckler           |       |       |    27 ||    27
